cohdb
Replays
Latest Replays
All Replays
Popular Replays
Top Player Replays
Match Explorer
How It Works
Community
CoH3 Stats
Reddit
Sign in to upload your games and track your stats! →
Sign in with Steam
Match 39860855
Unlisted
Match 39860855
Overview
Messages
Build Orders
End
Construct Infanterie Kompanie
Grenadier Squad
GrW 34 Mortar Team
Grenadier Squad
Selects Luftwaffe Battlegroup
Selects Luftwaffe Pioneer Support
Fallschirmpioneer Squad Paradrop
Fallschirmpioneer Squad Paradrop
Construct Panzergrenadier Kompanie
Panzergrenadier Squad
Construct Panzer Kompanie
Selects Reconnaissance Run
Selects Fallschirmjäger Squad Paradrop
Fallschirmjäger Squad Paradrop
Selects Stuka Loiter
Sturmpanzer IV Brummbär
Panzer Officer Quarters
insane
magistermagi
CaptainProlo
F5 | Upham
Evilpoptart14
Wirllen
jusgley87
P3prime
0
0
Comments
sign in to comment!
No comments posted yet!